AoeStats
← Odin

Fortress

507199478Analyzed
4v4 RM · 15d ago on Sep 17, 2026· 66m 6s· 8 players
Game mode
Random Map
Map size
Huge
Population
200
Speed
Normal
Resources
Standard
Victory
Conquest
Starting age
Dark Age
Ending age
Imperial Age
RankedLock teamsTeams togetherTeam positionsShared explorationLock speedFull tech treeHidden civsTurbo modeCheats
Victory
Defeat
🇺🇸 Khmer · United States
889
+12
🇪🇨 Maya · Ecuador
865
+13
🇪🇨 Chinese · Ecuador
854
+13
🇪🇨 Britons · Ecuador
746
+18
🇫🇷 Bengalis · France
832
-16
🇺🇸 Turks · United States
797
-14
🇨🇴 Persians · Colombia
781
-13
🇲🇽 Cumans · Mexico
765
-13
julusss51
0:38 Loom
7:18 Feudal Age
15:06 Castle Age
14:12 Horse Collar
20:53 Double-Bit Axe
24:05 Heavy Plow
24:31 Bow Saw
25:13 Pikeman
26:25 Forging
26:15 Scale Mail Armor
29:53 Chain Mail Armor
30:14 Iron Casting
30:38 Squires
30:24 Gambesons
32:18 Scale Barding Armor
39:01 Gold Mining
39:48 Husbandry
50:46 Caravan
Odin
7:16 Feudal Age
7:44 Double-Bit Axe
13:29 Castle Age
12:08 Horse Collar
12:21 Gold Mining
13:46 Bloodlines
13:47 Scale Barding Armor
14:49 Husbandry
17:33 Stone Mining
19:11 Wheelbarrow
18:55 Heavy Plow
21:31 Chain Barding Armor
21:53 Bow Saw
23:27 Hand Cart
22:59 Town Watch
23:40 Town Patrol
28:02 Imperial Age
26:32 Stone Shaft Mining
27:30 Gold Shaft Mining
28:54 Conscription
30:22 Plate Barding Armor
29:58 Forging
29:50 Scale Mail Armor
29:15 Cavalier
29:59 Crossbowman
30:46 Thumb Ring
33:37 Savar
34:22 Kamandaran
36:04 Iron Casting
35:45 Chain Mail Armor
38:07 Fletching
38:17 Padded Archer Armor
39:27 Plate Mail Armor
40:39 Bodkin Arrow
41:45 Blast Furnace
44:28 Chemistry
43:49 Ballistics
43:27 Murder Holes
48:53 Elite War Elephant
58:48 Pikeman
59:51 Squires
BasicOrc4106
0:28 Loom
4:48 Loom
4:56 Loom
8:45 Feudal Age
7:04 Loom
10:10 Horse Collar
10:31 Double-Bit Axe
10:43 Gold Mining
15:41 Castle Age
15:16 Wheelbarrow
14:27 Town Watch
17:17 Padded Archer Armor
18:34 Gold Shaft Mining
18:33 Leather Archer Armor
21:26 Hand Cart
21:37 Stone Mining
22:40 Bow Saw
27:50 Imperial Age
29:15 Ring Archer Armor
29:50 Conscription
30:43 Two-Man Saw
29:56 Fortified Wall
29:58 Treadmill Crane
31:18 Elite Janissary
34:58 Ballistics
34:36 Murder Holes
35:46 Fletching
39:51 Bodkin Arrow
40:34 Masonry
41:03 Hoardings
41:11 Heavy Plow
41:45 Bracer
48:34 Architecture
50:06 Town Patrol
Enrique III
8:39 Feudal Age
6:56 Loom
9:42 Double-Bit Axe
10:28 Horse Collar
15:03 Gold Mining
17:56 Castle Age
17:47 Bloodlines
18:02 Forging
19:43 Bow Saw
22:02 Scale Barding Armor
23:05 Heavy Plow
24:30 Gold Shaft Mining
25:52 Capped Ram
28:33 Chain Barding Armor
28:50 Iron Casting
30:21 Steppe Husbandry
34:17 Stone Mining
40:00 Imperial Age
39:26 Fletching
42:14 Conscription
44:28 Two-Man Saw
44:01 Crop Rotation
43:10 Elite Steppe Lancer
45:02 Wheelbarrow
44:41 Bodkin Arrow
46:22 Plate Barding Armor
47:28 Elite Kipchak
50:23 Ballistics
51:04 Chemistry
Akranon
7:54 Feudal Age
8:40 Feudal Age
10:10 Wheelbarrow
9:25 Double-Bit Axe
9:32 Gold Mining
9:24 Horse Collar
13:32 Loom
15:47 Castle Age
14:58 Bloodlines
15:28 Scale Barding Armor
15:34 Forging
17:30 Bow Saw
17:22 Heavy Plow
17:59 Gold Shaft Mining
17:42 Hand Cart
17:35 Husbandry
19:20 Tusk Swords
24:49 Iron Casting
24:42 Chain Barding Armor
29:24 Imperial Age
31:40 Crop Rotation
30:54 Elite Battle Elephant
32:57 Blast Furnace
34:59 Devotion
36:30 Plate Barding Armor
36:24 Town Watch
38:20 Caravan
43:19 Faith
44:55 Conscription
48:15 Coinage
49:29 Scale Mail Armor
49:29 Padded Archer Armor
50:32 Fervor
52:54 Sanctity
54:18 Hoardings
56:05 Banking
56:03 Illumination
55:55 Leather Archer Armor
55:31 Fletching
55:03 Pikeman
55:04 Man-at-Arms
55:08 Light Cavalry
55:08 Cavalier
55:21 Sappers
55:53 Stone Mining
56:11 Double Crossbow
57:13 Stone Shaft Mining
56:06 Long Swordsman
56:06 Halberdier
56:32 Arson
57:05 Chain Mail Armor
57:51 Sanctity
57:27 Elite Ballista Elephant
57:47 Hussar
61:23 Theocracy
64:27 Redemption
64:32 Bodkin Arrow
65:07 Ring Archer Armor
65:29 Herbal Medicine
66:44 Chemistry
66:05 Ballistics
65:56 Fortified Wall
65:41 Murder Holes
65:52 Siege Engineers
65:58 Masonry
65:40 Heated Shot
66:01 Clinker Construction
66:02 Careening
66:07 Spies/Treason
sebchenko34
2:50 Loom
7:11 Feudal Age
7:44 Double-Bit Axe
7:40 Horse Collar
14:10 Castle Age
12:24 Gold Mining
14:29 Wheelbarrow
15:52 Bow Saw
20:43 Heavy Plow
21:15 Pikeman
21:56 Squires
22:50 Forging
22:40 Scale Mail Armor
22:30 Fletching
23:44 Hand Cart
25:29 Iron Casting
29:09 Imperial Age
27:27 Thumb Ring
27:22 Bodkin Arrow
28:49 Chain Mail Armor
28:48 Eagle Warrior
30:26 Conscription
31:51 Coinage
32:28 Chemistry
31:49 Ballistics
33:31 Holcans
35:05 Blast Furnace
34:06 Bracer
34:38 Plate Mail Armor
33:44 Halberdier
35:58 Two-Man Saw
35:31 Crop Rotation
37:23 Elite Eagle Warrior
40:41 Padded Archer Armor
41:20 Banking
40:49 Arson
46:51 Elite Plumed Archer
55:44 Leather Archer Armor
63:44 Ring Archer Armor
63:18 Hul'che Javelineers
KAISER962605
9:11 Feudal Age
11:10 Gold Mining
11:07 Double-Bit Axe
17:52 Castle Age
16:27 Fletching
16:38 Padded Archer Armor
18:23 Crossbowman
26:32 Stone Mining
28:39 Thumb Ring
32:58 Ballistics
32:36 Bodkin Arrow
35:21 Stone Shaft Mining
38:51 Imperial Age
38:04 Gold Shaft Mining
41:29 Chemistry
40:56 Capped Ram
47:14 Elite Chu Ko Nu
51:09 Siege Ram
john.civildem
9:43 Feudal Age
11:49 Wheelbarrow
12:01 Double-Bit Axe
15:23 Fletching
17:41 Castle Age
16:27 Padded Archer Armor
17:44 Crossbowman
20:47 Bow Saw
22:09 Coinage
22:44 Gold Mining
22:45 Stone Mining
26:22 Leather Archer Armor
26:03 Bodkin Arrow
26:18 Forging
26:09 Scale Mail Armor
26:56 Pikeman
31:09 Imperial Age
31:41 Hand Cart
34:42 Gold Shaft Mining
34:44 Husbandry
35:58 Cavalier
40:00 Halberdier
41:05 Yeomen
58:52 Banking
Connection lost

Rejoining the realm…

Still unreachable

The connection could not be restored.

Session expired

The server has moved on; the page needs a fresh start.